Map: Frozen Temple

Players

Nickos

  • Race: Terran Terran
  • League: Gold

MooOne - Winner!

  • Race: Terran Terran
  • League: Gold

VOD

Have the link to the VOD?

Description

Time

  • Played on: Sept. 30, 2016, 3:54 a.m.
  • Length: 6:29
Show
View Real Time Build Order
Export as new Build Order

Nickos Terran 

Build Orders:  

Get SALT Encoding   

  12  0:01  SCV  
  13  0:13  SCV  
  14  0:18  Supply Depot  
  14  0:25  SCV  
  15  0:40  SCV  
  16  0:43  Barracks  
  16  0:52  SCV  
  18  1:04  SCV  
  18  1:16  SCV  
  19  1:21  Command Center  
  19  1:30  Orbital Command  
  19  1:31  Marine  
  20  1:46  Barracks  
  20  1:57  Supply Depot  
  19  2:13  Bunker  
  19  2:14  SCV  
  19  2:15  Marine  
  21  2:21  Barracks  
  21  2:26  SCV  
  22  2:33  Marine  
  22  2:50  Marine  
  23  2:54  Barracks  
  22  3:05  Bunker  
  21  3:07  Marine  
  21  3:08  Marine  
  23  3:17  Orbital Command  
  23  3:19  Marine  
  24  3:24  Marine  
  24  3:26  Marine  
  26  3:30  Barracks  
  26  3:43  Marine  
  26  3:44  Marine x2  
  26  3:46  Marine  
  30  4:01  Marine  
  30  4:02  Marine  
  32  4:08  Refinery  
  32  4:11  Refinery  
  32  4:14  Marine  
  32  4:16  Marine  
  34  4:19  Marine  
  35  4:25  SCV x2  
  35  4:29  Supply Depot  
  31  4:49  Marine x2  
  31  4:50  Marine x2  
  31  4:51  Orbital Command  
  29  4:54  Barracks Tech Lab  
  26  5:07  Marine x2  
  26  5:08  SCV  
  26  5:11  Barracks Reactor  
  29  5:23  SCV x2  
  31  5:35  SCV x2  
  33  5:42  Barracks Reactor x2  
  33  5:43  Marine  
  33  5:47  SCV x2  
  36  5:52  Marine  
  36  5:53  Marine  
  36  5:54  Marauder  
  40  5:59  SCV x2  
  40  6:02  Supply Depot  
  41  6:09  Marine  
  41  6:10  Marine  
  37  6:11  SCV  
Show
View Real Time Build Order
Export as new Build Order

MooOne Terran - Winner!

Build Orders: MMM Bio 

Get SALT Encoding   

  12  0:01  SCV  
  13  0:13  SCV  
  14  0:18  Supply Depot  
  14  0:25  SCV  
  15  0:40  Barracks, SCV  
  16  0:45  Refinery  
  16  0:52  SCV  
  17  1:00  Barracks  
  17  1:04  SCV  
  18  1:16  SCV  
  19  1:28  Orbital Command  
  19  1:29  Reaper  
  20  1:52  Marine  
  21  1:54  SCV  
  22  2:04  Supply Depot  
  22  2:06  SCV  
  23  2:11  Barracks Tech Lab  
  23  2:13  Barracks Reactor  
  23  2:26  SCV  
  24  2:40  Marine  
  24  2:42  Stimpack  
  24  2:44  SCV  
  26  2:46  Command Center  
  26  2:47  Refinery  
  26  2:56  SCV  
  27  3:06  Marine x2  
  27  3:08  Marine, SCV  
  31  3:17  Factory  
  31  3:37  Supply Depot  
  31  3:52  Barracks  
  31  3:57  SCV, Marine x2  
  34  4:03  Factory Tech Lab  
  34  4:06  Bunker  
  34  4:09  SCV  
  35  4:11  Bunker, Supply Depot  
  34  4:18  Marine x2  
  34  4:19  Marine  
  34  4:21  SCV  
  34  4:22  Siege Tank  
  40  4:33  Orbital Command, SCV  
  40  4:36  Marine x2  
  42  4:46  SCV  
  42  4:47  Marine x2  
  42  4:49  Combat Shields  
  45  4:54  Marine  
  45  4:58  SCV  
  47  5:06  SCV  
  47  5:10  Barracks Reactor, SCV  
  47  5:12  Marine x2  
  50  5:18  SCV  
  50  5:19  Supply Depot  
  51  5:22  SCV  
  51  5:25  Starport, Marine  
  53  5:30  SCV  
  53  5:31  Siege Tank  
  53  5:34  SCV  
  58  5:40  Marine  
  58  5:41  Marine  
  61  5:42  SCV  
  61  5:43  Marine  
  61  5:46  SCV  
  63  5:51  Marine x2  
  63  5:54  SCV  
  66  5:58  Marine x2, SCV  
  66  6:01  Marine  
  70  6:04  Supply Depot  
  70  6:05  Supply Depot  
  70  6:08  Marine, SCV  
Tags
 
Composition
MMM Bio
League
GoldGold
Matchup
TvT
Race
Terran
Replay Pack
Nickos replay
Add a new tag
Caveats
  • Supply blocks, unpowered buildings, or Contaminate may cause inaccurate times.
  • Supply counts are checked every 10 seconds.